TOP OF THE 1ST |
---|
Newport News HS Paints batting - Pitching for Jackson HS Swamp Bats : RHP Kurt Wood | Pitching: RHP Kurt Wood | | Batting: RHB John Graham | 0-0: SINGLE (Line Drive, 9LM) | Batting: RHB Pete Clark | 0-0: Ball Wild Pitch! John Graham to second 1-0: Ball Throwing error on steal attempt, E2 John Graham scores 2-0: Called Strike 2-1: Foul Ball, location: 2F 2-2: Foul Ball, location: 2F 2-2: Ball 3-2: Base on Balls | Batting: RHB Steve Cooper | 0-0: Ball 1-0: Foul Ball, location: 2F 1-1: Swinging Strike 1-2: SINGLE (Groundball, 6MD) Pete Clark to second Runner from 2nd tries for 3rd, OUT! | Batting: SHB Carlos Matos | 0-0: Ball 1-0: Fly out, F8 (Flyball, 8RD) | Batting: LHB Juan Ángel | 0-0: Ball 1-0: SINGLE (Line Drive, 4D) Steve Cooper to second | Batting: RHB James Calderón | 0-0: Ball 1-0: Swinging Strike 1-1: Ball 2-1: Ball 3-1: SINGLE (Flyball, 89M) Steve Cooper to third Juan Ángel to second Runner from 3rd tries for Home, throw and OUT! | Top of the 1st over - 1 run, 4 hits, 1 error, 2 left on base; Newport News HS 1 - Jackson HS 0 | BOTTOM OF THE 1ST |
---|
Jackson HS Swamp Bats batting - Pitching for Newport News HS Paints : RHP Gerald Jones | Pitching: RHP Gerald Jones | | Batting: RHB Julián García | 0-0: Swinging Strike 0-1: Ball 1-1: Ground out 6-3 (Groundball, 6) | Batting: RHB Kevin Wilson | 0-0: Ball 1-0: Called Strike 1-1: Ball 2-1: Ball 3-1: Base on Balls | Batting: RHB Jeremy Gibbs | 0-0: Swinging Strike 0-1: Ball 1-1: Ball 2-1: Called Strike 2-2: Strikes out swinging | Batting: RHB Gabriel Vargas | 0-0: Ball 1-0: Foul Ball, location: 2F 1-1: Called Strike 1-2: Foul Ball, location: 2F 1-2: Ball 2-2: Ball 3-2: SINGLE (Groundball, 4MD) Kevin Wilson to second Kevin Wilson to third | Batting: RHB Jonathan Smith | 0-0: Ball 1-0: Called Strike 1-1: Ball 2-1: Foul Ball, location: 2F 2-2: Foul Ball, location: 2F 2-2: Ball 3-2: Foul Ball, location: 2F 3-2: Base on Balls Gabriel Vargas to second | Batting: RHB Russell Ferguson | 0-0: Ball 1-0: Ball 2-0: Ball 3-0: Called Strike 3-1: Base on Balls Kevin Wilson scores Gabriel Vargas to third Jonathan Smith to second | Batting: RHB Brendon Bachman | 0-0: Called Strike 0-1: Ball 1-1: Called Strike 1-2: Strikes out swinging | Bottom of the 1st over - 1 run, 1 hit, 0 errors, 3 left on base; Newport News HS 1 - Jackson HS 1 | TOP OF THE 2ND |
---|
Newport News HS Paints batting - Pitching for Jackson HS Swamp Bats : RHP Kurt Wood | Batting: RHB Todd McDaniel | 0-0: Ball 1-0: Foul Ball, location: 2F 1-1: Ball 2-1: Ball 3-1: Foul Ball, location: 2F 3-2: Strikes out swinging | Batting: SHB Francisco Reyes | 0-0: Ball 1-0: Ball 2-0: Called Strike 2-1: Ball 3-1: Base on Balls | Batting: RHB Jorge Paredes | 0-0: Called Strike 0-1: Ball 1-1: SINGLE (Groundball, 6MD) Francisco Reyes to second | Batting: RHB John Graham | 0-0: Foul Ball, location: 2F 0-1: Swinging Strike 0-2: Strikes out swinging | Batting: RHB Pete Clark | 0-0: Ball 1-0: Ball 2-0: Foul Ball, location: 2F 2-1: Ball 3-1: Fly out, F7 (Line Drive, 7) | Top of the 2nd over - 0 runs, 1 hit, 0 errors, 2 left on base; Newport News HS 1 - Jackson HS 1 | BOTTOM OF THE 2ND |
---|
Jackson HS Swamp Bats batting - Pitching for Newport News HS Paints : RHP Gerald Jones | Batting: LHB Harry McAndrew | 0-0: Called Strike 0-1: Fly out, F7 (Flyball, 7LD) | Batting: RHB Mark May | 0-0: Called Strike 0-1: Called Strike 0-2: Strikes out swinging | Batting: RHB Julián García | 0-0: Called Strike 0-1: Swinging Strike 0-2: Strikes out looking | Bottom of the 2nd over - 0 runs, 0 hits, 0 errors, 0 left on base; Newport News HS 1 - Jackson HS 1 | TOP OF THE 3RD |
---|
Newport News HS Paints batting - Pitching for Jackson HS Swamp Bats : RHP Kurt Wood | Batting: RHB Steve Cooper | 0-0: Foul Ball, location: 2F 0-1: Ball 1-1: Ball 2-1: Foul Ball, location: 2F 2-2: Foul Ball, location: 2F 2-2: Strikes out swinging | Batting: SHB Carlos Matos | 0-0: Called Strike 0-1: Ball 1-1: Ball 2-1: Foul Ball, location: 2F 2-2: Ball 3-2: Ground out 4-3 (Groundball, 4) | Batting: LHB Juan Ángel | 0-0: Ball 1-0: Ball 2-0: Foul Ball, location: 2F 2-1: Swinging Strike 2-2: Ball 3-2: Base on Balls | Batting: RHB James Calderón | 0-0: Ground out U3 (Groundball, 3) | Top of the 3rd over - 0 runs, 0 hits, 0 errors, 1 left on base; Newport News HS 1 - Jackson HS 1 | BOTTOM OF THE 3RD |
---|
Jackson HS Swamp Bats batting - Pitching for Newport News HS Paints : RHP Gerald Jones | Batting: RHB Kevin Wilson | 0-0: Called Strike 0-1: Fly out, F3 (Line Drive, 4) | Batting: RHB Jeremy Gibbs | 0-0: Swinging Strike 0-1: Foul Ball, location: 2F 0-2: Strikes out swinging | Batting: RHB Gabriel Vargas | 0-0: Called Strike 0-1: Ball 1-1: Swinging Strike 1-2: Strikes out swinging | Bottom of the 3rd over - 0 runs, 0 hits, 0 errors, 0 left on base; Newport News HS 1 - Jackson HS 1 | TOP OF THE 4TH |
---|
Newport News HS Paints batting - Pitching for Jackson HS Swamp Bats : RHP Kurt Wood | Batting: RHB Todd McDaniel | 0-0: Called Strike 0-1: Ball 1-1: Ball 2-1: Ground out 6-3 (Groundball, 6) | Batting: SHB Francisco Reyes | 0-0: Ball 1-0: Called Strike 1-1: Ground out 4-3 (Groundball, 4S) | Batting: RHB Jorge Paredes | 0-0: Ground out 6-3 (Groundball, 6M) | Top of the 4th over - 0 runs, 0 hits, 0 errors, 0 left on base; Newport News HS 1 - Jackson HS 1 | BOTTOM OF THE 4TH |
---|
Jackson HS Swamp Bats batting - Pitching for Newport News HS Paints : RHP Gerald Jones | Batting: RHB Jonathan Smith | 0-0: Ball 1-0: Foul Ball, location: 2F 1-1: Foul Ball, location: 2F 1-2: Foul Ball, location: 2F 1-2: Ball 2-2: Ball 3-2: Base on Balls | Batting: RHB Russell Ferguson | 0-0: Called Strike 0-1: DOUBLE (Line Drive, 7LS) Jonathan Smith to third | Batting: RHB Brendon Bachman | 0-0: Ball 1-0: Called Strike 1-1: Ball 2-1: Fly out, F7 (Flyball, 7LSF) Runner from 3rd tags up, SCORES, no throw | Batting: LHB Harry McAndrew | 0-0: Foul Ball, location: 2F 0-1: Ball 1-1: Foul Ball, location: 2F 1-2: Ground out 6-3 (Groundball, 6) | Batting: RHB Mark May | 0-0: Called Strike 0-1: Ball 1-1: 2-RUN HOME RUN (Flyball, 78XD), Distance : 400 ft | Batting: RHB Julián García | 0-0: Called Strike 0-1: Ball 1-1: Foul Ball, location: 2F 1-2: Foul Ball, location: 2F 1-2: Foul Ball, location: 2F 1-2: Ball 2-2: Foul Ball, location: 2F 2-2: SINGLE (Groundball, 56S) (infield hit) | Pitching: LHP Ken Rivera | | Batting: RHB Kevin Wilson | 0-0: Called Strike 0-1: Fielders Choice at 2nd, 6-4 (Groundball, 6) | Bottom of the 4th over - 3 runs, 3 hits, 0 errors, 1 left on base; Newport News HS 1 - Jackson HS 4 | TOP OF THE 5TH |
---|
Newport News HS Paints batting - Pitching for Jackson HS Swamp Bats : RHP Kurt Wood | Batting: RHB John Graham | 0-0: Swinging Strike 0-1: Swinging Strike 0-2: Strikes out swinging | Batting: RHB Pete Clark | 0-0: Ground out 6-3 (Groundball, 6) | Batting: RHB Steve Cooper | 0-0: Ball 1-0: Ball 2-0: Called Strike 2-1: Ball 3-1: Base on Balls | Batting: SHB Carlos Matos | 0-0: Ball 1-0: Ball 2-0: Ground out 4-3 (Groundball, 4) | Top of the 5th over - 0 runs, 0 hits, 0 errors, 1 left on base; Newport News HS 1 - Jackson HS 4 | BOTTOM OF THE 5TH |
---|
Jackson HS Swamp Bats batting - Pitching for Newport News HS Paints : LHP Ken Rivera | Batting: RHB Jeremy Gibbs | 0-0: Ball 1-0: Ball 2-0: Foul Ball, location: 2F 2-1: SINGLE (Groundball, 15S) (infield hit) | Batting: RHB Gabriel Vargas | 0-0: Ball 1-0: Ball 2-0: Called Strike 2-1: Called Strike 2-2: Fly out, F8 (Flyball, 8LD) | Batting: RHB Jonathan Smith | 0-0: Ball Jeremy Gibbs is caught stealing 2nd base 1-0: SINGLE (Groundball, 56D) | Batting: RHB Russell Ferguson | 0-0: Ball 1-0: Swinging Strike 1-1: Called Strike 1-2: Foul Ball, location: 2F 1-2: Strikes out swinging | Bottom of the 5th over - 0 runs, 2 hits, 0 errors, 1 left on base; Newport News HS 1 - Jackson HS 4 | TOP OF THE 6TH |
---|
Newport News HS Paints batting - Pitching for Jackson HS Swamp Bats : RHP Kurt Wood | Pitching: RHP Greg Stone | | Batting: LHB Juan Ángel | 0-0: Called Strike 0-1: Ground out 6-3 (Groundball, 6) | Batting: RHB James Calderón | 0-0: Foul Ball, location: 2F 0-1: Ball 1-1: Ball 2-1: Foul Ball, location: 2F 2-2: Ground out 5-3 (Groundball, 56) | Batting: RHB Todd McDaniel | 0-0: Ball 1-0: Called Strike 1-1: Foul Ball, location: 2F 1-2: SOLO HOME RUN (Flyball, 7LD), Distance : 320 ft | Batting: SHB Francisco Reyes | 0-0: Ball 1-0: Called Strike 1-1: Ball 2-1: Ball 3-1: Foul Ball, location: 2F 3-2: Base on Balls | Batting: RHB Jorge Paredes | 0-0: Called Strike 0-1: SINGLE (Groundball, 56D) Francisco Reyes to second | Batting: RHB John Graham | 0-0: 3-RUN HOME RUN (Flyball, 7LD), Distance : 319 ft | Pitching: RHP Don Doss | | Batting: RHB Pete Clark | 0-0: Called Strike 0-1: Ball 1-1: Ball 2-1: Ball 3-1: Called Strike 3-2: Strikes out swinging | Top of the 6th over - 4 runs, 3 hits, 0 errors, 0 left on base; Newport News HS 5 - Jackson HS 4 | BOTTOM OF THE 6TH |
---|
Jackson HS Swamp Bats batting - Pitching for Newport News HS Paints : LHP Ken Rivera | Batting: RHB Brendon Bachman | 0-0: Ball 1-0: Fly out, F7 (Flyball, 7LMF) | Batting: LHB Harry McAndrew | 0-0: Ball 1-0: SINGLE (Line Drive, 89S) | Batting: RHB Mark May | 0-0: Ball 1-0: Swinging Strike 1-1: Foul Ball, location: 2F 1-2: Fly out, F6 (Line Drive, 6) | Batting: RHB Julián García | 0-0: Swinging Strike 0-1: Foul Ball, location: 2F 0-2: Fielders Choice at 2nd, 6-4 (Groundball, 6) | Bottom of the 6th over - 0 runs, 1 hit, 0 errors, 1 left on base; Newport News HS 5 - Jackson HS 4 | TOP OF THE 7TH |
---|
Newport News HS Paints batting - Pitching for Jackson HS Swamp Bats : RHP Don Doss | Batting: RHB Steve Cooper | 0-0: Ball 1-0: Fly out, F3 (Popup, 34) | Batting: SHB Carlos Matos | 0-0: Fly out, F4 (Line Drive, 4MD) | Pitching: LHP John Harris | | Batting: LHB Juan Ángel | 0-0: Ball 1-0: Fly out, F6 (Popup, 6S) | Top of the 7th over - 0 runs, 0 hits, 0 errors, 0 left on base; Newport News HS 5 - Jackson HS 4 | BOTTOM OF THE 7TH |
---|
Jackson HS Swamp Bats batting - Pitching for Newport News HS Paints : LHP Ken Rivera | Batting: RHB Kevin Wilson | 0-0: Ball 1-0: Ball 2-0: Called Strike 2-1: Swinging Strike 2-2: Foul Ball, location: 2F 2-2: Ball 3-2: Foul Ball, location: 2F 3-2: Foul Ball, location: 2F 3-2: Base on Balls | Batting: RHB Jeremy Gibbs | 0-0: Ball 1-0: Ball 2-0: Foul Ball, location: 2F 2-1: Called Strike 2-2: Grounds into double play, 4-6-3 (Groundball, 4) | Batting: RHB Gabriel Vargas | 0-0: Swinging Strike 0-1: Foul Ball, location: 2F 0-2: Foul Ball, location: 2F 0-2: Ball 1-2: Foul Ball, location: 2F 1-2: Foul Ball, location: 2F 1-2: Reached on error, E6 (Groundball, 6) | Batting: RHB Jonathan Smith | 0-0: Called Strike 0-1: Ball 1-1: Swinging Strike 1-2: Ground out 6-3 (Groundball, 6) | Bottom of the 7th over - 0 runs, 0 hits, 1 error, 1 left on base; Newport News HS 5 - Jackson HS 4 | TOP OF THE 8TH |
---|
Newport News HS Paints batting - Pitching for Jackson HS Swamp Bats : LHP John Harris | Pitching: RHP Dudley Simmons | | Batting: RHB James Calderón | 0-0: Called Strike 0-1: Ball 1-1: Called Strike 1-2: Ball 2-2: SINGLE (Line Drive, 3) | Batting: RHB Todd McDaniel | 0-0: Ball 1-0: Called Strike 1-1: Ball 2-1: Ball 3-1: Base on Balls James Calderón to second | Batting: SHB Francisco Reyes | 0-0: Ball 1-0: Ball 2-0: Ball 3-0: Called Strike 3-1: Base on Balls James Calderón to third Todd McDaniel to second | Batting: RHB Jorge Paredes | 0-0: Ball 1-0: Reached on error, E7 (Flyball, 7S) James Calderón scores Todd McDaniel to third Francisco Reyes to second | Batting: RHB John Graham | 0-0: Foul Ball, location: 2F 0-1: Ball 1-1: Ball 2-1: Ball 3-1: Fly out, F7 (Flyball, 7LSF) Runner from 3rd tags up, SCORES, no throw | Batting: RHB Pete Clark | 0-0: Called Strike 0-1: Ball 1-1: Foul Ball, location: 2F 1-2: Ball 2-2: 3-RUN HOME RUN (Flyball, 7LD), Distance : 338 ft | Pitching: RHP Eric Ryan | | Batting: RHB Steve Cooper | 0-0: Called Strike 0-1: Foul Ball, location: 2F 0-2: Ball 1-2: Foul Ball, location: 2F 1-2: Ball 2-2: Foul Ball, location: 2F 2-2: Ball 3-2: SINGLE (Groundball, 6MD) | Batting: SHB Carlos Matos | 0-0: Called Strike 0-1: Ball 1-1: Foul Ball, location: 2F 1-2: Grounds into double play, 3-6-4 (Groundball, 34) | Top of the 8th over - 5 runs, 3 hits, 1 error, 0 left on base; Newport News HS 10 - Jackson HS 4 | BOTTOM OF THE 8TH |
---|
Jackson HS Swamp Bats batting - Pitching for Newport News HS Paints : LHP Ken Rivera | Batting: RHB Russell Ferguson | 0-0: Called Strike 0-1: Ball 1-1: Swinging Strike 1-2: Ball 2-2: Ball 3-2: SINGLE (Groundball, 6S) (infield hit) | Pitching: RHP Kenny Krieger | | Batting: RHB Brendon Bachman | 0-0: Ball 1-0: Ball 2-0: SINGLE (Groundball, 6D) Russell Ferguson to second | Batting: LHB Harry McAndrew | 0-0: Ball 1-0: Foul Ball, location: 2F 1-1: Ball 2-1: Foul Ball, location: 2F 2-2: Strikes out looking | Batting: RHB Mark May | 0-0: Ball 1-0: Fly out, F8 (Flyball, 8LS) | Batting: RHB Julián García | 0-0: Fielders Choice at 2nd, 5-4 (Groundball, 56) | Bottom of the 8th over - 0 runs, 2 hits, 0 errors, 2 left on base; Newport News HS 10 - Jackson HS 4 | TOP OF THE 9TH |
---|
Newport News HS Paints batting - Pitching for Jackson HS Swamp Bats : RHP Eric Ryan | Batting: LHB Juan Ángel | 0-0: Ball 1-0: Foul Ball, location: 2F 1-1: Foul Ball, location: 2F 1-2: Strikes out looking | Batting: RHB James Calderón | 0-0: Fly out, F4 (Line Drive, 4M) | Batting: RHB Todd McDaniel | 0-0: Ball 1-0: Foul Ball, location: 2F 1-1: Foul Ball, location: 2F 1-2: Ball 2-2: Ball 3-2: Foul Ball, location: 2F 3-2: Ground out 1-3 (Groundball, 13) | Top of the 9th over - 0 runs, 0 hits, 0 errors, 0 left on base; Newport News HS 10 - Jackson HS 4 | BOTTOM OF THE 9TH |
---|
Jackson HS Swamp Bats batting - Pitching for Newport News HS Paints : RHP Kenny Krieger | Now at C: Lee Boswell | | Batting: RHB Kevin Wilson | 0-0: Called Strike 0-1: Swinging Strike 0-2: Ball 1-2: Ground out 6-3 (Groundball, 6) | Batting: RHB Jeremy Gibbs | 0-0: Ball 1-0: Ball 2-0: Ball 3-0: Base on Balls | Batting: RHB Gabriel Vargas | 0-0: Foul Ball, location: 2F 0-1: Called Strike 0-2: Ball 1-2: Ball 2-2: Ball 3-2: Strikes out swinging | Batting: RHB Jonathan Smith | 0-0: Ball 1-0: Called Strike 1-1: Ball 2-1: Fly out, F5 (Line Drive, 56S) | Bottom of the 9th over - 0 runs, 0 hits, 0 errors, 1 left on base; Newport News HS 10 - Jackson HS 4 | |